PL
BUCKHEAD BOWTIES @ PHOENIX HOTSPUR
08/31/2022
 
TOP OF THE 1ST
Buckhead Bowties batting - Pitching for Phoenix Hotspur : RHP Pedro Valdéz
Pitching: RHP Pedro Valdéz
Batting: RHB Aaron Phillips 0-0: Ground out 5-3 (Groundball, 56)
Batting: LHB Neil Lawson 0-0: Foul Ball, location: 2F
0-1: Swinging Strike
0-2: Ball
1-2: Strikes out swinging
Batting: RHB Pedro Morales 0-0: Swinging Strike
0-1: Ball
1-1: Swinging Strike
1-2: Foul Ball, location: 2F
1-2: Reached on error, E5 (Groundball, 56)
Batting: LHB Tony Martínez 0-0: Ball
1-0: Foul Ball, location: 2F
1-1: Ball
2-1: SINGLE (Line Drive, 4MD)
Pedro Morales to third
Runner from 3rd tries for Home, SAFE, no throw or cutoff
Batting: RHB Enrique Marroquín 0-0: Ball
1-0: Swinging Strike
1-1: Ground out U3 (Groundball, 3)
Top of the 1st over - 1 run(s), 1 hit(s), 1 error(s), 1 left on base; Buckhead 1 - Phoenix 0
BOTTOM OF THE 1ST
Phoenix Hotspur batting - Pitching for Buckhead Bowties : RHP Yin-fat Foong
Pitching: RHP Yin-fat Foong
Batting: RHB Félix Rodríguez 0-0: Ball
1-0: Called Strike
1-1: Foul Ball, location: 2F
1-2: Foul Ball, location: 2F
1-2: Ball
2-2: Ball
3-2: Base on Balls
Batting: RHB Raúl González 0-0: Called Strike
0-1: Foul Ball, location: 2F
0-2: Ball
1-2: Foul Ball, location: 2F
1-2: Ball
2-2: Strikes out swinging
Batting: RHB Pedro Torrez 0-0: Ball
1-0: Foul Ball, location: 2F
1-1: Ball
2-1: Ball
3-1: Called Strike
3-2: Reached on Error, E9 (Flyball, 9D)
Félix Rodríguez to second
Batting: LHB John Cossey 0-0: Called Strike
0-1: Ball
1-1: Ball
2-1: Fielders Choice at 2nd, 3-6 (Groundball, 3)
Félix Rodríguez to third
Batting: SHB Dave Orchard 0-0: Ball
1-0: Foul Ball, location: 2F
1-1: Foul Ball, location: 2F
1-2: Ball
2-2: Ground out 4-3 (Groundball, 34)
Bottom of the 1st over - 0 run(s), 0 hit(s), 1 error(s), 2 left on base; Buckhead 1 - Phoenix 0
TOP OF THE 2ND
Buckhead Bowties batting - Pitching for Phoenix Hotspur : RHP Pedro Valdéz
Batting: RHB Gabriel Rodríguez 0-0: Called Strike
0-1: Fly out, F3 (Popup, 34)
Batting: RHB Joe Andrews 0-0: Called Strike
0-1: Swinging Strike
0-2: Strikes out swinging
Batting: RHB Shaun Bowles 0-0: Ball
1-0: Called Strike
1-1: Ground out 1-3 (Groundball, 13S)
Top of the 2nd over - 0 run(s), 0 hit(s), 0 error(s), 0 left on base; Buckhead 1 - Phoenix 0
BOTTOM OF THE 2ND
Phoenix Hotspur batting - Pitching for Buckhead Bowties : RHP Yin-fat Foong
Batting: RHB Keith Burnett 0-0: Ball
1-0: Bunt for hit - play at first, batter OUT! 3-4
Batting: LHB Clark Espinosa 0-0: Called Strike
0-1: Ground out 4-3 (Groundball, 4M)
Batting: RHB Juan Aguirre 0-0: Foul Ball, location: 2F
0-1: Ground out 5-3 (Groundball, 56)
Bottom of the 2nd over - 0 run(s), 0 hit(s), 0 error(s), 0 left on base; Buckhead 1 - Phoenix 0
TOP OF THE 3RD
Buckhead Bowties batting - Pitching for Phoenix Hotspur : RHP Pedro Valdéz
Batting: RHB Greg Robinson 0-0: Ball
1-0: SINGLE (Groundball, 56)
Batting: RHB Aaron Phillips 0-0: Called Strike
0-1: Fly out, F4 (Popup, 4MD)
Batting: LHB Neil Lawson 0-0: Ball
1-0: Called Strike
1-1: Grounds out, U3 (Groundball, 3L)
Batting: RHB Pedro Morales 0-0: Ball
1-0: Called Strike
1-1: Swinging Strike
1-2: Strikes out swinging
Top of the 3rd over - 0 run(s), 1 hit(s), 0 error(s), 1 left on base; Buckhead 1 - Phoenix 0
BOTTOM OF THE 3RD
Phoenix Hotspur batting - Pitching for Buckhead Bowties : RHP Yin-fat Foong
Batting: RHB Chet Nix 0-0: Ball
1-0: Ball
2-0: Ball
3-0: Base on Balls
Batting: RHB Félix Rodríguez 0-0: Called Strike
0-1: Ball
1-1: Ball
2-1: SINGLE (Line Drive, 6D)
Chet Nix to second
Batting: RHB Raúl González 0-0: Fly out, F7 (Flyball, 78D)
Batting: RHB Pedro Torrez 0-0: Ball
1-0: Swinging Strike
1-1: SINGLE (Groundball, 6MD)
Chet Nix to third
Félix Rodríguez to second
Batting: LHB John Cossey 0-0: Ball
1-0: Ball
2-0: Ball
3-0: Called Strike
3-1: Called Strike
3-2: Foul Ball, location: 2F
3-2: Strikes out looking
Batting: SHB Dave Orchard 0-0: Ball
1-0: Fly out, F4 (Popup, 3F)
Bottom of the 3rd over - 0 run(s), 2 hit(s), 0 error(s), 3 left on base; Buckhead 1 - Phoenix 0
TOP OF THE 4TH
Buckhead Bowties batting - Pitching for Phoenix Hotspur : RHP Pedro Valdéz
Batting: LHB Tony Martínez 0-0: Fly out, F8 (Line Drive, 89M)
Batting: RHB Enrique Marroquín 0-0: Ball
1-0: Called Strike
1-1: Called Strike
1-2: Foul Ball, location: 2F
1-2: Ball
2-2: Ball
3-2: Foul Ball, location: 2F
3-2: Strikes out swinging
Batting: RHB Gabriel Rodríguez 0-0: DOUBLE (Groundball, 5L)
Batting: RHB Joe Andrews 0-0: Swinging Strike
0-1: Ground out 6-3 (Groundball, 6)
Top of the 4th over - 0 run(s), 1 hit(s), 0 error(s), 1 left on base; Buckhead 1 - Phoenix 0
BOTTOM OF THE 4TH
Phoenix Hotspur batting - Pitching for Buckhead Bowties : RHP Yin-fat Foong
Batting: RHB Keith Burnett 0-0: Ground out 5-3 (Groundball, 5S)
Batting: LHB Clark Espinosa 0-0: Ball
1-0: Called Strike
1-1: Ball
2-1: Swinging Strike
2-2: Strikes out swinging
Batting: RHB Juan Aguirre 0-0: Called Strike
0-1: Ball
1-1: Ground out 6-3 (Groundball, 6MS)
Bottom of the 4th over - 0 run(s), 0 hit(s), 0 error(s), 0 left on base; Buckhead 1 - Phoenix 0
TOP OF THE 5TH
Buckhead Bowties batting - Pitching for Phoenix Hotspur : RHP Pedro Valdéz
Batting: RHB Shaun Bowles 0-0: Called Strike
0-1: Fly out, F9 (Popup, 89S)
Batting: RHB Greg Robinson 0-0: Foul Ball, location: 2F
0-1: DOUBLE (Flyball, 78XD)
Batting: RHB Aaron Phillips 0-0: Ball
1-0: Called Strike
1-1: Swinging Strike
1-2: Foul Ball, location: 2F
1-2: Ball
2-2: Ball
3-2: Strikes out swinging
Batting: LHB Neil Lawson 0-0: Ball
1-0: Foul Ball, location: 2F
1-1: Foul Ball, location: 2F
1-2: Foul Ball, location: 2F
1-2: Foul Ball, location: 2F
1-2: Foul Ball, location: 2F
1-2: Ground out 6-3 (Groundball, 6M)
Top of the 5th over - 0 run(s), 1 hit(s), 0 error(s), 1 left on base; Buckhead 1 - Phoenix 0
BOTTOM OF THE 5TH
Phoenix Hotspur batting - Pitching for Buckhead Bowties : RHP Yin-fat Foong
Batting: RHB Chet Nix 0-0: Ground out 6-3 (Groundball, 6)
Batting: RHB Félix Rodríguez 0-0: Foul Ball, location: 2F
0-1: DOUBLE (Flyball, 89XD)
Batting: RHB Raúl González 0-0: Called Strike
0-1: Ball
1-1: Swinging Strike
1-2: Foul Ball, location: 2F
1-2: Strikes out swinging
Batting: RHB Pedro Torrez 0-0: Called Strike
0-1: Ball
1-1: Ball
2-1: Ground out 6-3 (Groundball, 6)
Bottom of the 5th over - 0 run(s), 1 hit(s), 0 error(s), 1 left on base; Buckhead 1 - Phoenix 0
TOP OF THE 6TH
Buckhead Bowties batting - Pitching for Phoenix Hotspur : RHP Pedro Valdéz
Batting: RHB Pedro Morales 0-0: Ball
1-0: Ball
2-0: Ball
3-0: Called Strike
3-1: Swinging Strike
3-2: SINGLE (Groundball, 56D)
Pitching: RHP Craig Moody
Batting: LHB Tony Martínez 0-0: Called Strike
0-1: Foul Ball, location: 2F
0-2: Ball
1-2: Foul Ball, location: 2F
1-2: Fly out, F3 (Popup, 3S)
Batting: RHB Enrique Marroquín 0-0: Ball
1-0: Ball
2-0: Foul Ball, location: 2F
2-1: Grounds into double play, 5-4-3 (Groundball, 56)
Top of the 6th over - 0 run(s), 1 hit(s), 0 error(s), 0 left on base; Buckhead 1 - Phoenix 0
BOTTOM OF THE 6TH
Phoenix Hotspur batting - Pitching for Buckhead Bowties : RHP Yin-fat Foong
Batting: LHB John Cossey 0-0: Foul Ball, location: 2F
0-1: Swinging Strike
0-2: Ball
1-2: Ground out 4-3 (Groundball, 4)
Batting: SHB Dave Orchard 0-0: SOLO HOME RUN (Flyball, 9D), Distance : 395 ft
Batting: RHB Keith Burnett 0-0: Called Strike
0-1: Ball
1-1: Called Strike
1-2: Foul Ball, location: 2F
Reached via error on a dropped throw, E3
Batting: LHB Clark Espinosa 0-0: Called Strike
0-1: Ball
1-1: Fly out, F7 (Popup, 7S)
Batting: RHB Juan Aguirre 0-0: Ball
1-0: Ball
2-0: Ball
3-0: Base on Balls
Keith Burnett to second
Batting: RHB Chet Nix 0-0: Ball
1-0: Foul Ball, location: 2F
1-1: Ball
2-1: Called Strike
2-2: Fly out, F8 (Flyball, 8RM)
Bottom of the 6th over - 1 run(s), 1 hit(s), 1 error(s), 2 left on base; Buckhead 1 - Phoenix 1
TOP OF THE 7TH
Buckhead Bowties batting - Pitching for Phoenix Hotspur : RHP Craig Moody
Batting: RHB Gabriel Rodríguez 0-0: Called Strike
0-1: Called Strike
0-2: Strikes out swinging
Batting: RHB Joe Andrews 0-0: Foul Ball, location: 2F
0-1: Ball
1-1: Ball
2-1: Ball
3-1: Foul Ball, location: 2F
3-2: Strikes out looking
Batting: RHB Shaun Bowles 0-0: Ball
1-0: Ball
2-0: SINGLE (Line Drive, 7S)
Pitching: RHP Miguel Angel Liñares
Batting: RHB Greg Robinson 0-0: SINGLE (Line Drive, 8LS)
Shaun Bowles to second
Runner from 2nd tries for 3rd, SAFE, throw made to third
Batting: RHB Aaron Phillips 0-0: Ball
1-0: Ground out 5-3 (Groundball, 5S)
Top of the 7th over - 0 run(s), 2 hit(s), 0 error(s), 2 left on base; Buckhead 1 - Phoenix 1
BOTTOM OF THE 7TH
Phoenix Hotspur batting - Pitching for Buckhead Bowties : RHP Yin-fat Foong
Batting: RHB Félix Rodríguez 0-0: Ball
1-0: Called Strike
1-1: Swinging Strike
1-2: Strikes out looking
Batting: RHB Raúl González 0-0: Ground out 1-3 (Groundball, 13)
Batting: RHB Pedro Torrez 0-0: Foul Ball, location: 2F
0-1: Ball
1-1: Ball
2-1: Called Strike
2-2: Strikes out swinging
Bottom of the 7th over - 0 run(s), 0 hit(s), 0 error(s), 0 left on base; Buckhead 1 - Phoenix 1
TOP OF THE 8TH
Buckhead Bowties batting - Pitching for Phoenix Hotspur : RHP Miguel Angel Liñares
Batting: LHB Neil Lawson Reached via error on a dropped throw, E3
Batting: RHB Pedro Morales 0-0: Called Strike
0-1: Ball
1-1: Fly out, F8 (Flyball, 8LXD)
Runner from 1st tags up, SAFE at 2nd
Batting: LHB Tony Martínez 0-0: Ball
1-0: Ground out 3-1 (Groundball, 34S)
Neil Lawson to third
Batting: RHB Enrique Marroquín 0-0: Ball
1-0: Foul Ball, location: 2F
1-1: Ball
2-1: Fly out, F9 (Flyball, 89D)
Top of the 8th over - 0 run(s), 0 hit(s), 1 error(s), 1 left on base; Buckhead 1 - Phoenix 1
BOTTOM OF THE 8TH
Phoenix Hotspur batting - Pitching for Buckhead Bowties : RHP Yin-fat Foong
Batting: LHB John Cossey 0-0: Ground out 6-3 (Groundball, 6M)
Batting: SHB Dave Orchard 0-0: Foul Ball, location: 2F
0-1: Fly out, F9 (Flyball, 9M)
Batting: RHB Keith Burnett 0-0: Called Strike
0-1: Foul Ball, location: 2F
0-2: Ball
1-2: Ball
2-2: Foul Ball, location: 2F
2-2: Ball
3-2: SINGLE (Groundball, 6MD)
Pitching: LHP Chris Rogers
Batting: LHB Clark Espinosa 0-0: Ball
1-0: Swinging Strike
1-1: Ball
2-1: Ball
3-1: Base on Balls
Keith Burnett to second
Batting: RHB Juan Aguirre 0-0: Swinging Strike
0-1: Ball
1-1: Called Strike
1-2: Strikes out looking
Bottom of the 8th over - 0 run(s), 1 hit(s), 0 error(s), 2 left on base; Buckhead 1 - Phoenix 1
TOP OF THE 9TH
Buckhead Bowties batting - Pitching for Phoenix Hotspur : RHP Miguel Angel Liñares
Pitching: RHP Rewa Malaki
Batting: RHB Gabriel Rodríguez 0-0: Foul Ball, location: 2F
0-1: Foul Ball, location: 2F
0-2: Ball
1-2: Strikes out swinging
Batting: RHB Joe Andrews 0-0: Ground out 6-3 (Groundball, 6)
Batting: RHB Shaun Bowles 0-0: Ball
1-0: Called Strike
1-1: Ball
2-1: Fly out, F9 (Flyball, 9LSF)
Top of the 9th over - 0 run(s), 0 hit(s), 0 error(s), 0 left on base; Buckhead 1 - Phoenix 1
BOTTOM OF THE 9TH
Phoenix Hotspur batting - Pitching for Buckhead Bowties : LHP Chris Rogers
Batting: RHB Chet Nix 0-0: Called Strike
0-1: Ground out 6-3 (Groundball, 6)
Pinch Hitting: RHB Clint Anthony 0-0: Ball
1-0: Ball
2-0: Ball
3-0: Called Strike
3-1: Called Strike
3-2: Strikes out looking
Batting: RHB Raúl González 0-0: Ball
1-0: Ball
2-0: Called Strike
2-1: Ball
3-1: Base on Balls
Batting: RHB Pedro Torrez 0-0: Ball
1-0: Ball
2-0: Foul Ball, location: 2F
2-1: Swinging Strike
2-2: Ball
3-2: Strikes out looking
Bottom of the 9th over - 0 run(s), 0 hit(s), 0 error(s), 1 left on base; Buckhead 1 - Phoenix 1
TOP OF THE 10TH
Buckhead Bowties batting - Pitching for Phoenix Hotspur : RHP Rewa Malaki
Now at 2B: Billy Strauss
Batting: RHB Greg Robinson 0-0: Fly out, F7 (Flyball, 78D)
Batting: RHB Aaron Phillips 0-0: Foul Ball, location: 2F
0-1: Ball
1-1: Ball
2-1: Ball
3-1: Called Strike
3-2: Fly out, F4 (Popup, 4MD)
Batting: LHB Neil Lawson 0-0: Ball
1-0: Foul Ball, location: 2F
1-1: Foul Ball, location: 2F
1-2: Ball
2-2: Ball
3-2: Base on Balls
Batting: RHB Pedro Morales 0-0: Called Strike
0-1: Called Strike
0-2: Ball
1-2: Ball
2-2: Foul Ball, location: 2F
2-2: Strikes out swinging
Top of the 10th over - 0 run(s), 0 hit(s), 0 error(s), 1 left on base; Buckhead 1 - Phoenix 1
BOTTOM OF THE 10TH
Phoenix Hotspur batting - Pitching for Buckhead Bowties : LHP Chris Rogers
Batting: LHB John Cossey 0-0: Called Strike
0-1: Ball
1-1: Fly out, F9 (Flyball, 89M)
Batting: SHB Dave Orchard 0-0: Ball
1-0: Ball
2-0: Foul Ball, location: 2F
2-1: Fly out, F7 (Flyball, 7S)
Batting: RHB Keith Burnett 0-0: Ball
1-0: Foul Ball, location: 2F
1-1: Ball
2-1: Called Strike
2-2: Strikes out swinging
Bottom of the 10th over - 0 run(s), 0 hit(s), 0 error(s), 0 left on base; Buckhead 1 - Phoenix 1
TOP OF THE 11TH
Buckhead Bowties batting - Pitching for Phoenix Hotspur : RHP Rewa Malaki
Batting: LHB Tony Martínez 0-0: Foul Ball, location: 2F
0-1: Ball
1-1: Fly out, F7 (Flyball, 7LM)
Batting: RHB Enrique Marroquín 0-0: Ball
1-0: Swinging Strike
1-1: Foul Ball, location: 2F
1-2: Foul Ball, location: 2F
1-2: Strikes out swinging
Batting: RHB Gabriel Rodríguez 0-0: Called Strike
0-1: Swinging Strike
0-2: Strikes out looking
Top of the 11th over - 0 run(s), 0 hit(s), 0 error(s), 0 left on base; Buckhead 1 - Phoenix 1
BOTTOM OF THE 11TH
Phoenix Hotspur batting - Pitching for Buckhead Bowties : LHP Chris Rogers
Pitching: RHP Mario Peña
Batting: LHB Clark Espinosa 0-0: Ball
1-0: Called Strike
1-1: Called Strike
1-2: Ball
2-2: Foul Ball, location: 2F
2-2: Strikes out looking
Batting: RHB Juan Aguirre 0-0: Ball
1-0: Ball
2-0: Ball
3-0: Base on Balls
Batting: RHB Chet Nix 0-0: Grounds into double play, U4-3 (Groundball, 4)
Bottom of the 11th over - 0 run(s), 0 hit(s), 0 error(s), 0 left on base; Buckhead 1 - Phoenix 1
TOP OF THE 12TH
Buckhead Bowties batting - Pitching for Phoenix Hotspur : RHP Rewa Malaki
Batting: RHB Joe Andrews 0-0: Called Strike
0-1: Ball
1-1: Ball
2-1: Called Strike
2-2: DOUBLE (Flyball, 78XD)
Batting: RHB Shaun Bowles 0-0: Called Strike
0-1: Fly out, F8 (Line Drive, 78D)
Batting: RHB Greg Robinson 0-0: Ball
1-0: Foul Ball, location: 2F
1-1: Ground out 1-3 (Groundball, 15)
Batting: RHB Aaron Phillips 0-0: Ground out 1-3 (Groundball, 15S)
Top of the 12th over - 0 run(s), 1 hit(s), 0 error(s), 1 left on base; Buckhead 1 - Phoenix 1
BOTTOM OF THE 12TH
Phoenix Hotspur batting - Pitching for Buckhead Bowties : RHP Mario Peña
Batting: RHB Billy Strauss 0-0: Called Strike
0-1: Ball
1-1: Called Strike
1-2: Foul Ball, location: 2F
1-2: Strikes out looking
Batting: RHB Raúl González 0-0: Foul Ball, location: 2F
0-1: Ground out 4-3 (Groundball, 4)
Batting: RHB Pedro Torrez 0-0: Foul Ball, location: 2F
0-1: Called Strike
0-2: Strikes out swinging
Bottom of the 12th over - 0 run(s), 0 hit(s), 0 error(s), 0 left on base; Buckhead 1 - Phoenix 1
TOP OF THE 13TH
Buckhead Bowties batting - Pitching for Phoenix Hotspur : RHP Rewa Malaki
Batting: LHB Neil Lawson 0-0: Ball
1-0: Ball
2-0: Ball
3-0: Base on Balls
Batting: RHB Pedro Morales 0-0: Ball
1-0: Foul Ball, location: 2F
1-1: Ball
2-1: Ball
Passed Ball!
Neil Lawson to second
3-1: Called Strike
3-2: Foul Ball, location: 2F
3-2: Strikes out looking
Pitching: RHP Jesús Olvero
Batting: LHB Tony Martínez 0-0: Called Strike
0-1: Called Strike
0-2: Ball
1-2: Foul Ball, location: 2F
1-2: Ball
2-2: Strikes out swinging
Batting: RHB Enrique Marroquín 0-0: Foul Ball, location: 2F
0-1: Called Strike
0-2: SINGLE (Groundball, 56D) (infield hit)
Neil Lawson to third
Batting: RHB Gabriel Rodríguez 0-0: Ball
1-0: Called Strike
1-1: Called Strike
1-2: Ball
2-2: SINGLE (Flyball, 78S)
Neil Lawson scores
Enrique Marroquín to second
Batting: RHB Joe Andrews 0-0: Called Strike
0-1: Swinging Strike
0-2: Ball
1-2: Foul Ball, location: 2F
1-2: Foul Ball, location: 2F
1-2: Ground out 5-3 (Groundball, 5S)
Top of the 13th over - 1 run(s), 2 hit(s), 0 error(s), 2 left on base; Buckhead 2 - Phoenix 1
BOTTOM OF THE 13TH
Phoenix Hotspur batting - Pitching for Buckhead Bowties : RHP Mario Peña
Pitching: LHP Ethan Bishop
Batting: LHB John Cossey 0-0: Called Strike
0-1: Ground out U3 (Groundball, 3S)
Batting: SHB Dave Orchard 0-0: Called Strike
0-1: Ball
1-1: Ball
2-1: Ground out 4-3 (Groundball, 34)
Batting: RHB Keith Burnett 0-0: Swinging Strike
0-1: Called Strike
0-2: Foul Ball, location: 2F
0-2: Ball
1-2: Ball
2-2: Ground out 5-3 (Groundball, 5)
Bottom of the 13th over - 0 run(s), 0 hit(s), 0 error(s), 0 left on base; Buckhead 2 - Phoenix 1
This league is powered by Out of the Park Baseball, the baseball management simulation game for PC, Mac and Linux
Friday, April 15th, 2016 - OOTP Baseball 16.9 Build 39